AoeStats
← iAlejandrouae

African Clearing

506603521Analyzed
4v4 RM · 18d ago on Sep 14, 2026· 43m 27s· 8 players
Game mode
Random Map
Map size
Large (8 player)
Population
200
Speed
Normal
Resources
Standard
Victory
Conquest
Starting age
Dark Age
Ending age
Imperial Age
RankedLock teamsTeams togetherTeam positionsShared explorationLock speedFull tech treeHidden civsTurbo modeCheats
Victory
Defeat
🇭🇰 Lithuanians · Hong Kong SAR China
1690
+11
🇦🇷 Khmer · Argentina
1556
+17
🇨🇳 Chinese · China
1524
+18
🇦🇺 Vietnamese · Australia
1362
+23
🇩🇪 Bengalis · Germany
1702
-23
🇧🇪 Vikings · Belgium
1604
-19
🇷🇺 Berbers · Russia
1493
-14
🇨🇱 Turks · Chile
1466
-13
JanVerplanken
4:50 Loom
15:53 Feudal Age
20:26 Castle Age
19:46 Double-Bit Axe
19:54 Gold Mining
20:28 Fletching
24:44 Crossbowman
27:05 Squires
34:47 Imperial Age
32:50 Ballistics
33:19 Padded Archer Armor
34:14 Stone Mining
35:01 Gold Shaft Mining
34:56 Bodkin Arrow
36:03 Conscription
36:48 Chemistry
36:48 Arbalester
40:57 Bogsveigar
41:33 Bow Saw
41:06 Horse Collar
42:05 Leather Archer Armor
41:52 Bracer
b4ron1
5:09 Loom
13:12 Feudal Age
13:40 Town Watch
20:02 Castle Age
18:56 Double-Bit Axe
22:45 Horse Collar
25:50 Bow Saw
26:13 Husbandry
26:24 Bloodlines
31:32 Scale Barding Armor
32:37 Forging
34:23 Chain Barding Armor
34:39 Iron Casting
35:02 Fletching
37:02 Bloodlines
38:56 Wheelbarrow
38:22 Town Patrol
39:31 Bodkin Arrow
39:36 Padded Archer Armor
40:07 Fervor
40:18 Sanctity
40:11 Elite Skirmisher
Dis
3:03 Loom
23:18 Feudal Age
27:42 Double-Bit Axe
27:44 Horse Collar
30:43 Castle Age
31:54 Bow Saw
33:08 Wheelbarrow
35:48 Heavy Plow
37:37 Hand Cart
39:51 Gold Mining
40:10 Stone Mining
44:29 Imperial Age
41:53 Fletching
42:10 Scale Barding Armor
42:31 Bodkin Arrow
43:41 Chain Barding Armor
43:47 Ballistics
Hennessy
4:28 Loom
14:14 Feudal Age
18:38 Castle Age
16:50 Double-Bit Axe
17:31 Bloodlines
21:30 Horse Collar
22:32 Town Watch
24:51 Wheelbarrow
25:36 Bow Saw
25:59 Husbandry
27:37 Town Patrol
27:55 Forging
29:13 Scale Barding Armor
30:34 Iron Casting
30:50 Hand Cart
32:46 Chain Barding Armor
33:08 Heavy Plow
35:40 Gold Mining
39:18 Imperial Age
37:05 Fletching
38:16 Bodkin Arrow
38:22 Padded Archer Armor
39:25 Thumb Ring
40:15 Leather Archer Armor
40:22 Ballistics
39:27 Heavy Cavalry Archer
40:32 Parthian Tactics
40:45 Bracer
41:58 Sipahi
42:53 Plate Barding Armor
42:45 Conscription
42:32 Treadmill Crane
44:02 Blast Furnace
iAlejandrouae
4:27 Loom
13:10 Feudal Age
14:21 Feudal Age
17:02 Castle Age
15:13 Double-Bit Axe
17:57 Bow Saw
17:51 Horse Collar
21:23 Wheelbarrow
23:16 Town Watch
23:59 Bloodlines
27:14 Forging
27:58 Sanctity
31:08 Fervor
36:13 Imperial Age
34:33 Hand Cart
34:38 Husbandry
35:57 Scale Barding Armor
36:28 Iron Casting
38:25 Conscription
38:07 Double Crossbow
38:19 Gold Mining
38:22 Stone Mining
40:23 Ballistics
40:09 Siege Engineers
39:47 Heavy Scorpion
40:03 Light Cavalry
41:05 Chain Barding Armor
43:09 Hussar
44:30 Plate Barding Armor
YMK414
8:49 Loom
12:46 Feudal Age
13:03 Man-at-Arms
21:54 Castle Age
20:33 Double-Bit Axe
20:37 Horse Collar
21:41 Gold Mining
26:20 Wheelbarrow
29:22 Scale Barding Armor
31:33 Chain Barding Armor
33:07 Hand Cart
34:26 Forging
36:14 Bloodlines
36:04 Husbandry
36:40 Iron Casting
39:44 Imperial Age
37:28 Bow Saw
37:43 Stone Mining
41:17 Town Watch
41:11 Elite Leitis
42:44 Plate Barding Armor
43:52 Stone Shaft Mining
Damir
11:29 Feudal Age
12:57 Double-Bit Axe
22:55 Castle Age
21:27 Horse Collar
22:15 Stone Mining
22:20 Gold Mining
25:56 Loom
30:21 Fletching
31:10 Padded Archer Armor
37:35 Wheelbarrow
37:36 Town Watch
38:26 Hand Cart
39:05 Bodkin Arrow
39:25 Leather Archer Armor
43:15 Imperial Age
41:01 Chatras
41:16 Bloodlines
41:07 Husbandry
41:14 Heavy Plow
41:33 Bow Saw
42:10 Forging
42:06 Scale Barding Armor
44:26 Chain Barding Armor
泡锅
12:44 Feudal Age
13:48 Double-Bit Axe
18:16 Castle Age
20:00 Bow Saw
19:36 Fishing Lines
21:44 Gillnets
22:53 Loom
24:44 Horse Collar
25:32 Gold Mining
27:00 Stone Mining
28:19 Wheelbarrow
27:43 Fletching
28:05 Heavy Plow
30:01 Bodkin Arrow
34:19 Imperial Age
32:27 Padded Archer Armor
32:50 Ballistics
33:08 Hand Cart
35:34 Gold Shaft Mining
35:35 Stone Shaft Mining
35:05 Capped Ram
36:32 Conscription
35:37 Elite Chu Ko Nu
36:30 Bracer
36:46 Leather Archer Armor
37:34 Chemistry
36:04 Siege Ram
39:54 Two-Man Saw
38:43 Town Watch
40:48 Thumb Ring
41:35 Pikeman
42:16 Squires
42:02 Arson
43:44 Scale Mail Armor
43:54 Forging
44:15 Ring Archer Armor
Connection lost

Rejoining the realm…

Still unreachable

The connection could not be restored.

Session expired

The server has moved on; the page needs a fresh start.